[Event "1st Henriquez Urena Memorial 2022"]
[Site "Santo Domingo"]
[Date "2022.09.22"]
[Round "9.4"]
[White "Michelen Rodriguez, Victor Isaac"]
[Black "Cuenca Jimenez, Jose Fernando"]
[Result "0-1"]
[ECO "E14"]
[WhiteElo "2228"]
[BlackElo "2553"]
[Annotator "TA"]
[PlyCount "100"]
[EventDate "2022.09.16"]
[EventType "swiss"]
[EventCountry "DOM"]
[SourceTitle "playchess.com"]
[Source "ChessBase"]
[SourceQuality "1"]
[TimeControl "5400+30"]

1. c4 e6 2. Nc3 d5 3. e3 Nf6 4. Nf3 Be7 5. d4 O-O 6. Bd3 b6 7. O-O Bb7 8. b3 c5 9. dxc5 {[%emt 0:00:30] E14: Queen's Indian: Classical Variation (4 e3).} bxc5 10. Bb2 Nbd7 11. Qe2 {[%emt 0:01:34] The position is equal.} a6 {[%emt 0:01:52] [#]} 12. Rfd1 $146 ({Predecessor:} 12. Rad1 Bd6 13. cxd5 exd5 14. Ng5 Re8 15. Nxd5 Bxd5 16. Bxh7+ Nxh7 17. Rxd5 Nxg5 18. Rxd6 Qe7 19. Rfd1 Nf8 20. h4 Ne4 21. Qg4 f5 {0-1 (21) Brown,A (2106)-Hecht,H (2374) Hamilton 2010}) 12... Bd6 13. Rac1 Re8 14. Bb1 Qe7 15. Rd2 Nb6 (15... d4 {keeps more tension.} 16. exd4 Bf4 17. Rcd1 Bxd2 18. Rxd2 Qd6) 16. Rcd1 Rad8 17. Bd3 (17. Ba3 $11 {keeps the balance.}) 17... e5 $1 $17 {[%emt 0:08:31] ...e4 is the strong threat.} 18. e4 d4 19. Nd5 Nbxd5 20. cxd5 {[%emt 0:00:07] [#]} Nxd5 $1 21. exd5 {[%emt 0:13:18] Threatens to win with Qe4.} e4 $36 {[%emt 0:00:08][%mdl 2048] White is under pressure.} 22. Bc4 (22. Qxe4 $15 Qxe4 23. Bxe4 Rxe4 24. b4) 22... exf3 23. Qxf3 {[%emt 0:01:13][%mdl 8192] [#] This costs White the game.} (23. Qxe7 $17 Bxe7 24. b4) 23... Bxd5 $1 $19 24. Qxd5 {[%emt 0:09:16] [#]} (24. Bxd5 $2 {[#] is a self mate.} Qe1+ $3 25. Rxe1 Rxe1#) (24. Qd3 Bxc4) 24... Bxh2+ $1 {[%emt 0:00:17][%mdl 576] Discovered Attack} 25. Kxh2 Rxd5 26. Bxd5 Qd6+ 27. Kg1 Qxd5 28. b4 cxb4 29. Rxd4 Qxa2 30. Rxb4 h6 31. Ra1 Qe6 32. Rba4 Qe2 33. Ba3 (33. Bc3 $142) 33... Rd8 34. Rh4 Rd5 35. Rh3 a5 36. Re3 Qc2 37. Rc1 Qa2 38. Rf3 Rg5 39. Re1 Qd5 40. Re8+ Kh7 {[%emt 0:00:07] ( -> ...Qxf3)} 41. Ree3 Qd1+ 42. Kh2 Qf1 43. Rg3 Rh5+ 44. Rh3 Rxh3+ 45. Rxh3 Qxf2 {[%emt 0:00:08] KQ-KRB} 46. Rf3 Qh4+ 47. Kg1 Qd4+ 48. Kh1 f6 {[%emt 0:00:12] Strongly threatening ...g5.} 49. Kh2 a4 {[%emt 0:00:22] And now ...g5 would win.} 50. Rg3 Qf4 {[%emt 0:00:22] Weighted Error Value: White=0.46/Black=0.13 (very precise)} 0-1

[Event "1st Henriquez Urena Memorial 2022"]
[Site "Santo Domingo"]
[Date "2022.09.22"]
[Round "9.5"]
[White "Ferreira Fernandez, Sergio"]
[Black "Araujo Sanchez, Josue"]
[Result "1/2-1/2"]
[ECO "E10"]
[WhiteElo "2119"]
[BlackElo "2281"]
[Annotator "TA"]
[PlyCount "85"]
[EventDate "2022.09.16"]
[EventType "swiss"]
[EventCountry "DOM"]
[SourceTitle "playchess.com"]
[Source "ChessBase"]
[SourceQuality "1"]
[TimeControl "5400+30"]

1. d4 Nf6 2. c4 e6 3. Nf3 a6 4. a4 a5 5. g3 d5 6. Bg2 {[%emt 0:00:24] E10: Blumenfeld Gambit.} Bb4+ {[%emt 0:02:15] [#]} 7. Bd2 $146 ({Predecessor:} 7. Nbd2 O-O 8. O-O b6 9. Qc2 Bb7 10. b3 Na6 11. Bb2 Rc8 12. cxd5 exd5 13. Rac1 {0-1 (25) Veinberg,N (1952)-Kudischewitsch,D (2352) Kefar Sava 2010}) 7... Nc6 8. Qc1 (8. Ne5 {with more complications.} Qe7 9. cxd5 exd5 10. Nxc6 bxc6 11. Qc2) 8... O-O 9. O-O Qe7 10. Bg5 h6 11. Bxf6 Qxf6 12. e3 Rd8 13. Na3 Bd7 14. Nb5 {[%emt 0:06:03] Strongly threatening cxd5.} Rac8 15. h3 Bf8 16. Rd1 Be8 17. b3 Nb4 18. Nc3 c5 19. cxd5 cxd4 20. Nxd4 exd5 21. Qd2 Bc6 22. Rac1 Bd6 23. Nce2 {[%emt 0:01:59] Pair of Knights!} Bd7 24. Nc3 Bc6 25. Na2 Rc7 26. Nxb4 Bxb4 27. Qd3 Rcd7 28. Rc2 g6 29. Qe2 Rd6 30. Qf3 Qe7 31. Bf1 h5 32. Bb5 Rf6 33. Qg2 Bxb5 34. Nxb5 Rc6 35. Rdc1 Rdc8 {[%emt 0:02:36] The position is equal.} (35... Rxc2 {is interesting.} 36. Rxc2 Qe4 37. Rc7 b6) 36. Nd4 Rxc2 37. Rxc2 Rxc2 38. Nxc2 $11 {[%emt 0:00:01] KQB-KQN} Qc5 39. Nd4 Bc3 40. Nb5 Be5 41. Qf3 Qc1+ 42. Kg2 Qd2 43. h4 {[%emt 0:00:10] Weighted Error Value: White=0.09 (flawless) /Black=0.07 (flawless)} 1/2-1/2

[Event "1st Henriquez Urena Memorial 2022"]
[Site "Santo Domingo"]
[Date "2022.09.22"]
[Round "9.6"]
[White "Mendez Ramirez, Victor"]
[Black "Guzman, Christopher"]
[Result "1/2-1/2"]
[ECO "A14"]
[WhiteElo "2153"]
[BlackElo "2252"]
[Annotator "TA"]
[PlyCount "53"]
[EventDate "2022.09.16"]
[EventType "swiss"]
[EventCountry "DOM"]
[SourceTitle "playchess.com"]
[Source "ChessBase"]
[SourceQuality "1"]
[TimeControl "5400+30"]

1. c4 Nf6 2. g3 e6 3. Bg2 d5 4. Nf3 Be7 5. O-O O-O 6. b3 b6 7. Bb2 Bb7 8. d3 c5 9. e3 $1 {[%emt 0:00:00] The main line 9.e3 scores better than 9.Nbd2.} Nc6 10. Qe2 Qc7 11. Rd1 {[%emt 0:00:00] A14: English Opening: 1...e6 with b3 by White.} Rfd8 12. Nbd2 d4 13. e4 (13. exd4 $11 cxd4 14. a3) 13... Nd7 14. Rf1 {[%emt 0:00:00] [#]} e5 $146 ({Predecessor:} 14... Rf8 15. Ne1 Rae8 16. a3 f5 17. f4 fxe4 18. dxe4 e5 19. Nd3 Bf6 20. Kh1 Nd8 {0-1 (39) Mercier,J (2225)-Roos,C (2165) Montpellier 1991}) 15. Ne1 Bd6 16. Bh3 Nf8 17. Ng2 Ng6 18. f3 Rf8 19. Rf2 Nce7 (19... Rae8 $15) 20. Raf1 $11 f5 21. exf5 Nxf5 22. Ne4 Rae8 23. Bc1 Bc8 24. Bg4 Bb7 25. Bh3 Bc8 26. Bg4 ({White should try} 26. f4 $11) 26... Bb7 $14 27. Bh3 {[%emt 0:02:30] Weighted Error Value: White=0.13 (very precise) /Black=0.07 (flawless)} ({Better is} 27. Bd2 $14) 1/2-1/2

[Event "1st Henriquez Urena Memorial 2022"]
[Site "Santo Domingo"]
[Date "2022.09.22"]
[Round "9.7"]
[White "Polanco Nunez, Yoel Starling"]
[Black "Lugo Matos, Richards Reynier"]
[Result "1-0"]
[ECO "E68"]
[WhiteElo "2199"]
[BlackElo "2157"]
[Annotator "TA"]
[PlyCount "112"]
[EventDate "2022.09.16"]
[EventType "swiss"]
[EventCountry "DOM"]
[SourceTitle "playchess.com"]
[Source "ChessBase"]
[SourceQuality "1"]
[TimeControl "5400+30"]

1. Nf3 Nf6 2. d4 b6 3. g3 Bb7 4. Bg2 g6 5. c4 Bg7 6. O-O O-O 7. Nc3 d6 8. Re1 Nbd7 9. e4 e5 10. d5 {[%emt 0:01:27] E68: King's Indian: Fianchetto: 6...Nbd7 7 0-0 e5 8 e4.} a5 11. b3 Nc5 12. Rb1 {[%emt 0:02:21] White has an edge.} Bc8 {[%emt 0:00:50] [#]} 13. Re2 $146 ({Predecessor:} 13. Qc2 Nh5 14. Nd2 f5 15. a3 f4 16. b4 Nd7 17. Nb5 axb4 18. axb4 Ndf6 19. Rb3 {0-1 (54) Pantsulaia,L (2587)-Bernadskiy,V (2636) Cattolica 2022}) 13... Nh5 14. Ne1 f5 15. exf5 Bxf5 16. Rbb2 e4 ({Black should try} 16... Qd7 $1 $15) 17. Nxe4 $11 Bxb2 18. Bxb2 Nxe4 19. Bxe4 Bxe4 20. Rxe4 Re8 21. Rh4 (21. Re6 $5 ) 21... Ng7 $2 (21... Qe7 $11 22. Nf3 Rf8) 22. Nf3 $1 $18 ({Weaker is} 22. Bxg7 Kxg7 23. Nf3 Qe7 $11) 22... Nf5 23. Rf4 {[%emt 0:00:25][%cal Of4f5] Hoping for Rxf5!} Qe7 24. Rxf5 $2 gxf5 $11 25. Qd4 {[%emt 0:00:07] Threatening mate with Qh8+.} Rf8 $1 26. h4 (26. Qh8+ $1 $11 Kf7 27. Qxh7+ Ke8 28. Qg6+ Qf7 29. Qh6) 26... Kf7 $17 27. Ng5+ Ke8 28. Ne6 Rg8 (28... Kd7 $17 {Threatens to win with ...Rfe8.} 29. Qf4 Rf7) 29. c5 $11 bxc5 30. Qa4+ Qd7 31. Nxc7+ $1 Kd8 (31... Ke7 $2 32. Bf6+ $1 Kxf6 33. Qxd7 $18) 32. Nxa8 {[%emt 0:00:07] White wants to mate with Bf6+. Chess con chili.} Qxa4 33. bxa4 {[%emt 0:00:18] aiming for Kg2.} ({Not} 33. Bf6+ $2 Ke8 34. bxa4 Kf7 $19) 33... Rg4 $1 34. f3 Rc4 {[%emt 0:04:32] White now steadily converts the win.} (34... Rb4 $1 $11 35. Bc3 Rxa4) 35. Bf6+ $16 Ke8 {[%emt 0:00:21] [#]} 36. Nc7+ $1 Kd7 (36... Kf7 $16 37. Bg5 Rxa4) 37. Nb5 $18 Rxa4 $2 (37... Rc1+ {is more resistant.} 38. Kf2 Rc2+ 39. Ke3 Rxa2) 38. a3 Rc4 39. Bc3 {[%emt 0:01:36] And now h5 would win.} Ke7 40. h5 Ra4 41. Kf2 Kd8 42. Ke2 Kc8 43. Kd3 Kb7 44. Nxd6+ Kb6 45. Kc2 (45. Bb2 $142 Kc7 46. Nxf5) 45... c4 46. Bd4+ Ka6 47. Bb2 {[%emt 0:00:14] White mates.} Kb6 48. Kc3 Kc5 49. Nc8 Rb4 50. axb4+ axb4+ 51. Kc2 Kxd5 52. Nb6+ Kc5 53. Nd7+ Kd6 54. Nf6 c3 {[%emt 0:00:22] [#]} 55. Bxc3 $1 bxc3 (55... h6 56. Bxb4+) 56. Nxh7 Kd5 {[%emt 0:06:14] Weighted Error Value: White=0.14 (very precise) /Black=0.65} 1-0

[Event "1st Henriquez Urena Memorial 2022"]
[Site "Santo Domingo"]
[Date "2022.09.22"]
[Round "9.8"]
[White "Crispin Ferreras, Darvi Abraham"]
[Black "Dominguez, Jose Manuel"]
[Result "1/2-1/2"]
[ECO "C40"]
[WhiteElo "2160"]
[BlackElo "2180"]
[Annotator "TA"]
[PlyCount "48"]
[EventDate "2022.09.16"]
[EventType "swiss"]
[EventCountry "DOM"]
[SourceTitle "playchess.com"]
[Source "ChessBase"]
[SourceQuality "1"]
[TimeControl "5400+30"]

1. e4 e5 2. Nf3 Qe7 3. Bc4 d6 4. Nc3 c6 5. a4 Bg4 6. h3 {[%emt 0:04:20] C40: Latvian and Elephant Gambits.} Bh5 7. Be2 {[%emt 0:00:15] [#] White is more active.} a5 $146 ({Predecessor:} 7... Nd7 8. d3 h6 9. Nh2 Bxe2 10. Qxe2 Nc5 11. Be3 Ne6 12. Nf3 Qf6 13. Qd2 g5 {0-1 (72) Mendeiros,J (2222)-Lourmande,C (2100) France 2005}) 8. d4 {[%emt 0:00:47] White is slightly better.} Nf6 9. dxe5 ({Better is} 9. O-O $16) 9... dxe5 $11 10. Nd2 Bg6 11. Bd3 Qc7 12. O-O Nbd7 13. Nb3 (13. Nc4 $5 ) 13... Bb4 14. Qe2 O-O 15. Bg5 h6 16. Bd2 Rfe8 17. Nd1 Bf8 (17... Bxd2 $15 18. Nxd2 Nc5) 18. Kh2 Kh8 19. g3 Nc5 20. Nxc5 Bxc5 21. b3 Rad8 22. Nb2 {[%emt 0:00:54] [#]} (22. f3 $11) 22... Nxe4 $1 23. Bxe4 Bxe4 24. Be3 ({White should play} 24. Bxh6 $15 Bg6 25. Be3 Bxe3 26. fxe3) 24... Bg6 $4 {[%emt 0:00:00][%mdl 40960] Weighted Error Value: White=0.34/Black=0.14 (very precise) . An unexpected result.} 1/2-1/2

[Event "1st Henriquez Urena Memorial 2022"]
[Site "Santo Domingo"]
[Date "2022.09.22"]
[Round "9.9"]
[White "Camacho Campusano, David Daniel"]
[Black "Arvelo Leo, Gian Carlo"]
[Result "1/2-1/2"]
[ECO "C01"]
[WhiteElo "2230"]
[BlackElo "2174"]
[Annotator "TA"]
[PlyCount "39"]
[EventDate "2022.09.16"]
[EventType "swiss"]
[EventCountry "DOM"]
[SourceTitle "playchess.com"]
[Source "ChessBase"]
[SourceQuality "1"]
[TimeControl "5400+30"]

1. e4 e6 2. d4 d5 3. exd5 exd5 4. Nf3 Nf6 5. Bd3 Bd6 6. O-O O-O 7. Bg5 Bg4 8. Nbd2 Nbd7 9. c3 c6 10. Re1 Re8 11. Qc2 Qc7 {[%emt 0:00:14] [#]} {Predecessor:} 12. Bh4 $146 {C01: French: Exchange Variation.} h6 13. Bg3 Nh5 14. Bh7+ Kf8 15. Bf5 Bxf5 16. Qxf5 Nxg3 17. hxg3 g6 18. Qc2 Kg7 19. Rxe8 Rxe8 20. Re1 {½-½ (85) Henderson de la Fuente,L (2490)-Quesada Perez,Y (2568) Chennai 2022} 1/2-1/2